 Dungeon Crawl Stone Soup version 0.20-a0-839-gdaf5c57 (webtiles) character file.

1726 HEYYEYAAE the Skirmisher (level 9, -2/50 HPs)
             Began as a Vine Stalker Chaos Knight on Mar 8, 2017.
             Shot with a sling bullet by Joseph (4 damage)
             ... on level 7 of the Dungeon.
             The game lasted 00:08:48 (5091 turns).

HEYYEYAAE the Skirmisher (VSCK)                     Turns: 5091, Time: 00:08:48

Health: -2/50      AC:  9    Str: 14 (15) XL:     9   Next: 4%
Magic:  0/17       EV: 13    Int: 18 (19) God:    Xom [....*.]
Gold:   214        SH:  0    Dex: 14 (17) Spells: 17/17 levels left

rFire    + . .     SeeInvis .   x - +2 hand crossbow (chaos)
rCold    + . .     Gourm    .   b - +3 leather armour
rNeg     . . .     Faith    .   (no shield)
rPois    +         Spirit   +   (no helmet)
rElec    +         Reflect  .   r - +0 cloak
rCorr    +         Harm     .   t - +0 pair of gloves
MR       +....                  (no boots)
Stlth    ..........             (no amulet)
Regen    0.6/turn               (no ring)
MPRegen  0.2/turn               o - ring of loudness (curse)

@: brilliant, resistant, flying
A: fangs 3, clever 1, regeneration 1, evolution 1, magic shield, antimagic bite,
no potion heal 3, rot immunity
a: Renounce Religion


You were on level 7 of the Dungeon.
You worshipped Xom.
You were a beloved toy of Xom.
You were hungry.

You visited 1 branch of the dungeon, and saw 7 of its levels.

You collected 214 gold pieces.

Inventory:

Hand Weapons
 e - a +3 spear of venom
 i - a +4 trident of venom
 m - a +0 trident of venom
 n - a +0 shortbow
 s - a +2 dire flail of draining
 x - a +2 hand crossbow of chaos (weapon)
Missiles
 d - 85 arrows
 g - 49 bolts (quivered)
Armour
 b - a +3 leather armour (worn)
 r - a +0 cloak (worn)
 t - a +0 pair of gloves (worn)
 y - a +2 leather armour of cold resistance
Jewellery
 o - a cursed ring of loudness (left hand)
Wands
 l - a wand of polymorph (0/24)
Scrolls
 f - 2 scrolls of identify
 j - 3 scrolls of remove curse
 u - a scroll of amnesia
Potions
 v - a potion of brilliance
 z - a potion of resistance
 A - a potion of mutation
 B - 2 potions of cancellation {unknown}
 C - 2 potions of curing
Comestibles
 a - 3 meat rations
 c - 6 bread rations
 k - 5 fruits
 p - 4 royal jellies


   Skills:
 * Level 7.1 Fighting
 - Level 2.6 Polearms
 + Level 4.5 Armour
 + Level 3.9 Dodging
 + Level 4.8 Spellcasting


You had 17 spell levels left.
You didn't know any spells.

Dungeon Overview and Level Annotations

Branches:
Dungeon (7/15)             Temple (0/1) D:5

Altars:
Cheibriados
Elyvilon
Gozag
Hepliaklqana
Okawaru
Qazlal
Sif Muna
Wu Jian
Xom
Yredelemnul
Zin
The Shining One

Shops:
D:6 %

Annotations:
D:3 blastoid's ghost, amateur MfGl
D:7 Joseph; Pikel


Innate Abilities, Weirdness & Mutations

You have razor-sharp teeth.
Your natural rate of healing is unusually fast.
When hurt, damage is shared between your health and your magic reserves.
Your bite disrupts and absorbs the magic of your enemies.
Potions cannot restore your health.
You are immune to rotting.
Your mind is acute. (Int +2)
You evolve.


Message History

It was a potion of magic.
Magic courses through your body.
Joseph shoots a sling bullet.
The sling bullet hits you!
* * * LOW HITPOINT WARNING * * *
The sling bullet burns you.
Unknown command.
Unknown command.
Unknown command.
Okay, then.
It was a potion of resistance.
You feel protected.
Joseph shoots a sling bullet.
The sling bullet closely misses you.
Unknown command.
Unknown command.
It was a potion of mutation.
You feel extremely strange.
You feel more energetic.
You feel robust.
Your body's shape seems more normal.
You feel robust.
You feel clever.
You feel nature experimenting on you.
Don't worry, failures die fast.
Joseph shoots a sling bullet.
The sling bullet hits you!
You die...
Xom guffaws!

###...........#.
# #.##......#.#
# #.##......#.#
# #.##........#
# #.##........#
#...###.....#
###.###.....#
..#(......#
#..#@####### #.#
#@#


pp. ####. .. .p .#p #K# You could see Joseph and 2 slaves.

Vanquished Creatures
  A black bear (D:6)
  2 sky beasts
  An ogre (D:6)
  An orc warrior (D:6)
  A necrophage (D:6)
  A centaur (D:6)
  Blork the orc (D:6)
  A scorpion (D:3)
  4 killer bees (D:6)
  5 crimson imps (D:5)
  3 jellies (D:6)
  3 hounds
  An orc priest (D:5)
  Jessica (D:2)
  2 iguanas
  2 worker ants
  2 worker ant zombies
  3 gnolls (D:2)
  7 adders
  A river rat (shapeshifter) (D:2)
  An adder zombie (D:6)
  3 worms (D:2)
  4 dart slugs
  9 leopard geckos
  17 orcs
  4 ball pythons
  9 giant cockroaches
  7 goblins
  5 hobgoblins (D:1)
  3 jackals (D:2)
  A quokka (D:3)
  5 bats
  4 frilled lizards
  6 kobolds
  29 rats
150 creatures vanquished.

Vanquished Creatures (collateral kills)
  A necrophage (D:6)
  An orc (D:6)
2 creatures vanquished.

Vanquished Creatures (others)
  An orc (D:6)
  A hobgoblin (D:3)
  2 quokkas
4 creatures vanquished.

Grand Total: 156 creatures vanquished

Notes
Turn   | Place    | Note
-------+----------+-------------------------------------------
     0 | D:1      | HEYYEYAAE the Vine Stalker Chaos Knight began the quest for the Orb.
     0 | D:1      | Reached XP level 1. HP: 11/11 MP: 2/2
    20 | D:1      | XOM: divination: detect creatures
    25 | D:1      | XOM: divination: magic mapping
    63 | D:1      | You fall through a shaft!
    69 | D:2      | XOM: swap monsters
    88 | D:2      | Reached XP level 2. HP: 13/16 MP: 3/3
   144 | D:2      | Reached skill level 3 in Fighting
   144 | D:2      | Reached skill level 1 in Dodging
   183 | D:2      | XOM: 3-stop teleportation journey
   187 | D:2      | Reached skill level 1 in Spellcasting
   187 | D:2      | Reached XP level 3. HP: 13/20 MP: 2/5
   439 | D:1      | Found a snail-covered altar of Cheibriados.
   476 | D:1      | Gained mutation: Your natural rate of healing is unusually fast. [Vine Stalker growth]
   476 | D:1      | Reached XP level 4. HP: 24/24 MP: 7/7
   596 | D:1      | XOM: harmless Air miscast
   879 | D:2      | Found an iron altar of Okawaru.
   942 | D:2      | XOM: noise
   971 | D:2      | Found an ornate altar of the Wu Jian Council.
   992 | D:2      | Found a basalt altar of Yredelemnul.
   998 | D:2      | XOM: stat loss: -1 Dex (13/14)
  1002 | D:2      | Found a deep blue altar of Sif Muna.
  1006 | D:2      | Found a glowing silver altar of Zin.
  1017 | D:2      | Found a hazy altar of Hepliaklqana.
  1021 | D:2      | Found a snail-covered altar of Cheibriados.
  1059 | D:2      | XOM: medium Fire miscast
  1095 | D:2      | Reached XP level 5. HP: 24/28 MP: 5/9
  1133 | D:2      | XOM: smoke on damage
  1135 | D:2      | XOM: chaos upgrade
  1141 | D:2      | XOM: harmless Hex miscast
  1326 | D:2      | Noticed Jessica
  1332 | D:2      | XOM: give mutations
  1332 | D:2      | Gained mutation: Armour fits poorly on your strangely shaped body. [Xom's mischief]
  1332 | D:2      | Gained mutation: Your magical capacity is low. (-10% MP) [Xom's mischief]
  1332 | D:2      | Gained mutation: You are frail. (-10% HP) [Xom's mischief]
  1334 | D:2      | Killed Jessica
  1527 | D:3      | Reached skill level 4 in Fighting
  1527 | D:3      | Reached XP level 6. HP: 23/29 MP: 6/9
  1532 | D:3      | XOM: smoke on damage
  1566 | D:3      | XOM: medium Tloc miscast
  1712 | D:3      | Noticed blastoid's ghost (amateur MfGl)
  1715 | D:3      | XOM: chaos cloud
  1716 | D:3      | XOM: stat loss: -1 Dex (14/15)
  1722 | D:3      | XOM: butterfly on damage
  1826 | D:3      | XOM: god gift: 11 stones
  1981 | D:3      | XOM: god gift: thick smoking staff {god gift}
  2129 | D:3      | Found a white marble altar of Elyvilon.
  2197 | D:3      | XOM: cloud trail
  2322 | D:4      | XOM: 3-stop teleportation journey
  2402 | D:4      | Found a stormy altar of Qazlal.
  2545 | D:4      | Found a glowing golden altar of the Shining One.
  2549 | D:4      | Found an opulent altar of Gozag.
  2581 | D:4      | XOM: god gift: runed hand crossbow {god gift}
  2669 | D:4      | XOM: god gift: 13 sling bullets
  2736 | D:4      | XOM: mild Chrm miscast
  2747 | D:4      | XOM: summons 2 hostile demons
  3136 | D:5      | Entered Level 5 of the Dungeon
  3187 | D:5      | XOM: mild Erth miscast
  3255 | D:5      | Found a staircase to the Ecumenical Temple.
  3454 | D:5      | XOM: medium Conj miscast
  3559 | D:5      | Reached XP level 7. HP: 34/34 MP: 11/11
  3587 | D:5      | Found a shimmering altar of Xom.
  3646 | D:5      | Reached skill level 5 in Fighting
  3738 | D:5      | XOM: give mutation
  3738 | D:5      | Gained mutation: You are very frail. (-20% HP) [Xom's mischief]
  3848 | D:5      | XOM: noise
  3941 | D:5      | XOM: medium Chrm miscast
  4038 | D:6      | XOM: cast spell 'Statue Form'
  4054 | D:6      | XOM: divination: detect items
  4064 | D:6      | XOM: divination: detect items
  4077 | D:6      | Noticed Blork the orc
  4090 | D:6      | XOM: summons 2 friendly demons
  4092 | D:6      | XOM: enchant monster (good)
  4164 | D:6      | XOM: divination: detect creatures
  4166 | D:6      | Killed Blork the orc
  4166 | D:6      | Gained mutation: You have razor-sharp teeth. [Vine Stalker growth]
  4166 | D:6      | Reached XP level 8. HP: 35/35 MP: 13/13
  4219 | D:6      | XOM: mild Air miscast
  4261 | D:6      | Reached skill level 6 in Fighting
  4364 | D:6      | XOM: summons friendly crimson imp
  4374 | D:6      | HP: 1/36 [poisoned by a killer bee]
  4379 | D:6      | HP: 1/36 [poisoned by a killer bee]
  4382 | D:6      | XOM: 2-stop teleportation journey
  4386 | D:6      | XOM: summons 2 friendly demons
  4480 | D:6      | Found Momoud's Food Shop.
  4687 | D:6      | XOM: fog
  5015 | D:7      | XOM: smoke on damage
  5017 | D:7      | Reached skill level 7 in Fighting
  5017 | D:7      | Reached XP level 9. HP: 26/40 MP: 8/15
  5082 | D:7      | Noticed Joseph
  5082 | D:7      | Noticed Pikel
  5089 | D:7      | HP: 1/40 [Joseph/sling bullet (3)]
  5091 | D:7      | Lost mutation: Your magical capacity is low. (-10% MP) [potion of mutation]
  5091 | D:7      | Lost mutation: You are very frail. (-20% HP) [potion of mutation]
  5091 | D:7      | Lost mutation: Armour fits poorly on your strangely shaped body. [potion of mutation]
  5091 | D:7      | Lost mutation: You are frail. (-10% HP) [potion of mutation]
  5091 | D:7      | Gained mutation: Your mind is acute. (Int +2) [potion of mutation]
  5091 | D:7      | Gained mutation: You evolve. [potion of mutation]
  5091 | D:7      | Shot with a sling bullet by Joseph

Vault maps used:
D:1:      wheals_arrival_linesprint, cheibriados_altar_1
D:2:      minmay_overflow_temple_star_hex, nicolae_overflow_crystal_walls,
          okawaru_altar_gauntlet_db, uniq_jessica
D:3:      elyvilon_altar_4, st_stairs_5, minmay_rat_hole
D:4:      nicolae_overflow_hidden_temple, serial_forest,
          infiniplex_forest_clump_long, infiniplex_forest_clump_cross,
          infiniplex_forest_clump_curved, infiniplex_forest_clump_tiny
D:5:      led_xom_imps, minmay_temple_entry_mist, first_bread,
          minmay_lizard_king
D:6:      serial_shops, kennysheep_little_box, uniq_blork_the_orc
D:7:      kennysheep_mini, uniq_joseph, uniq_pikel

Skill      XL: |  1  2  3  4  5  6  7  8 |
---------------+-------------------------+-----
Fighting       | 3 4 5 7 |  7.1
Dodging        | 1 2 3 |  3.9
Spellcasting   | 1 2 3 4 |  4.8
Armour         | 2 3 4 |  4.5
Polearms       | |  2.6

Action                   |  1- 3 |  4- 6 |  7- 9 || total
-------------------------+-------+-------+-------++-------
Melee: Spear             |    86 |   191 |       ||   277
       Bite              |    13 |    38 |       ||    51
 Fire: Hand crossbow     |       |    51 |   130 ||   181
Evoke: Wand              |       |     6 |       ||     6
  Use: Potion            |       |     2 |    12 ||    14
       Scroll            |       |     2 |     7 ||     9
 Stab: Paralysed         |     6 |     1 |       ||     7
       Sleeping          |     1 |       |       ||     1
       Petrifying        |       |     2 |       ||     2
       Distracted        |       |     1 |       ||     1
  Eat: Chunk             |       |     8 |     2 ||    10
       Fruit             |       |     1 |       ||     1
       Royal jelly       |       |       |     1 ||     1
Armor: Leather armour    |    27 |    33 |    35 ||    95
       Skin              |       |    28 |    23 ||    51
Dodge: Dodged            |    36 |    90 |    91 ||   217
